 Dungeon Crawl Stone Soup version 0.31-a0-7-g51783674b7 (webtiles) character file.

Game seed: 13946518557314377503

20624 Lobster4 the Zephyrmancer (level 12, -2/71 HPs)
             Began as a Tengu Air Elementalist on May 5, 2023.
             Was a High Priest of Vehumet.
             Killed from afar by a catoblepas (5 damage)
             ... with a blast of calcifying dust
             ... on level 3 of the Lair of Beasts.
             The game lasted 00:55:27 (20376 turns).

Lobster4 the Zephyrmancer (Tengu Air Elementalist) Turns: 20376, Time: 00:55:28

Health: -2/71      AC:  3    Str:  9    XL:     12   Next: 81%
Magic:  25/29      EV: 22    Int: 20    God:    Vehumet [*****.]
Gold:   792        SH:  6    Dex: 18    Spells: 1/21 levels left

rFire   . . .        v - +0 dagger of Lies {freeze, rN+ Dex+3}
rCold   . . .        t - +0 buckler
rNeg    + . .        C - +0 robe of Hepliaklqana's Fury {Drain rElec Slay+6 SInv}
rPois   .            (helmet restricted)
rElec   +            M - scarf {repulsion}
rCorr   .            j - +0 pair of gloves
SInv    +            (boots unavailable)
Will    .....        (no amulet)
Stlth   ++           I - +5 ring of evasion
HPRegen 0.31/turn    Q - ring of magical power
MPRegen 0.21/turn

%: repel missiles
@: about to teleport, marked, flying quickly and evasively, studying Ranged
Weapons, quick
A: beak, talons 3, nimble flight
a: Renounce Religion


You were on level 3 of the Lair of Beasts.
You worshipped Vehumet.
Vehumet was extremely pleased with you.
You visited 3 branches of the dungeon, and saw 16 of its levels.

You collected 1034 gold pieces.
You spent 242 gold pieces at shops.

Inventory:

Hand Weapons
 a - a +2 dagger of flaming
 q - a +0 sling of draining
 v - the +0 dagger of Lies (weapon) {freeze, rN+ Dex+3}
   (You found it on level 3 of the Dungeon)

   Dex:       It affects your dexterity (+3).
   rN:        It protects you from negative energy.
 B - a +5 trident
 K - a +3 dagger of venom
Missiles
 g - 2 curare-tipped darts
 s - 34 poisoned darts (quivered)
 A - 26 boomerangs
 L - 9 atropa-tipped darts
Armour
 j - a +0 pair of gloves (worn)
 t - a +0 buckler (worn)
 z - a +1 cloak
 C - the +0 robe of Hepliaklqana's Fury (worn) {Drain rElec Slay+6 SInv}
   (You bought it in a shop on level 4 of the Dungeon)

   Slay:      It affects your accuracy & damage with ranged weapons and melee
   (+6).
   rElec:     It insulates you from electricity.
   SInv:      It lets you see invisible.
   Drain:     It drains your maximum health when unequipped.
 M - a scarf of repulsion (worn)
 O - an orb of energy
Magical Staves
 U - a staff of fire
Jewellery
 f - a ring of positive energy
 x - a ring of ice
 D - a ring of resist corrosion
 F - a ring of fire
 I - a +5 ring of evasion (left hand)
 Q - a ring of magical power (right hand)
 R - a ring of willpower
Wands
 w - a wand of paralysis (10)
 J - a wand of mindburst (15)
 P - a wand of quicksilver (5)
 T - a wand of iceblast (4)
 V - a wand of flame (2)
Scrolls
 c - 3 scrolls of butterflies
 d - a scroll of immolation
 e - a scroll of teleportation
 i - a scroll of poison
 o - 3 scrolls of magic mapping
 y - 6 scrolls of identify
 G - 2 scrolls of fog
Potions
 b - 3 potions of magic
 h - 5 potions of curing
 l - 4 potions of haste
 p - 2 potions of brilliance
 u - 3 potions of lignification
 E - a potion of ambrosia
 H - 2 potions of berserk rage
 N - 2 potions of mutation
 S - a potion of cancellation
 W - a potion of invisibility {unknown}


   Skills:
 + Level 6.8 Fighting
 - Level 2.0 Short Blades
 - Level 10.0 Ranged Weapons
 - Level 3.0 Throwing
 - Level 6.0 Armour
 - Level 6.0 Dodging
 - Level 2.0 Stealth
 - Level 6.0 Shields
 - Level 5.0 Spellcasting
 + Level 9.0 Conjurations
 - Level 5.0 Summonings
 - Level 3.0 Translocations
 * Level 13.3 Air Magic
 - Level 3.0 Earth Magic
 - Level 3.0 Poison Magic
 - Level 3.0 Evocations


You had one spell level left.
You knew the following spells:

 Your Spells              Type           Power      Damage    Failure   Level
a - Shock                 Conj/Air       100%       1d9       1%          1
b - Poisonous Vapours     Pois/Air       74%        N/A       1%          2
c - Stone Arrow           Conj/Erth      58%        3d10      1%          3
d - Airstrike             Air            27%        2d(4-20)  1%          4
e - Arcjolt               Conj/Air       24%        1d34      1%          5
f - Blink                 Tloc           34%        N/A       7%          2
x - Swiftness             Air            55%        N/A       1%          3

Your spell library contained the following spells:

 Spells                   Type           Power      Damage    Failure   Level
 Iron Shot                Conj/Erth      14%        9d4       45%         6
 Foxfire                  Conj/Fire      92%        2x1d8     1%          1
 Magic Dart               Conj           100%       1d8       1%          1
 Beastly Appendage        Tmut           10%        N/A       16%         1
 Necrotise                Necr           20%        1d5       16%         1
 Searing Ray              Conj           82%        2d7       1%          2
 Static Discharge         Conj/Air       98%        2-7/arc   1%          2
 Mephitic Cloud           Conj/Pois/Air  38%        N/A       1%          3
 Summon Lightning Spire   Summ/Air       41%        N/A       3%          4
 Freezing Cloud           Conj/Ice/Air   17%        6-21      6%          5
 Fulminant Prism          Conj/Hex       11%        3d9       7%          4
 Conjure Ball Lightning   Conj/Air       24%        3x3d7     7%          6
 Fireball                 Conj/Fire      11%        3d7       17%         5
 Ensorcelled Hibernation  Hex/Ice        10%        N/A       24%         2
 Wereblood                Tmut           5%         N/A       24%         2
 Portal Projectile        Hex/Tloc       22%        N/A       26%         3
 Spider Form              Tmut/Pois      11%        N/A       26%         3
 Plasma Beam              Fire/Air       15%        2x1d29    36%         6
 Tukima's Dance           Hex            5%         N/A       43%         3
 Vampiric Draining        Necr           5%         2d6       43%         3
 Manifold Assault         Tloc           17%        N/A       43%         4
 Summon Forest            Summ/Tloc      10%        N/A       65%         5
 Starburst                Conj/Fire      11%        6d5       65%         6
 Anguish                  Hex/Necr       2%         N/A       85%         4
 Cause Fear               Hex            2%         N/A       85%         4
 Summon Mana Viper        Hex/Summ       15%        N/A       85%         5
 Summon Cactus Giant      Summ           12%        N/A       97%         6
 Agony                    Necr           5%         N/A       99%         5
 Blade Hands              Tmut           2%         N/A       99%         5
 Enfeeble                 Hex            2%         N/A       100%        7
 Storm Form               Tmut/Air       15%        N/A       100%        7
 Discord                  Hex            2%         N/A       100%        8
 Disjunction              Tloc           8%         N/A       100%        8


Dungeon Overview and Level Annotations

Branches:
Dungeon (12/15)            Temple (0/1) D:7            Lair (2/5) D:8
  Swamp (0/4) Lair:2        Snake (0/4) Lair:3          Orc (1/2) D:9

Altars:
Dithmenos
Elyvilon
Fedhas
Hepliaklqana
Kikubaaqudgha
Makhleb
Ru
Trog
Uskayaw
Vehumet
Xom
Yredelemnul
The Shining One

Shops:
D:4 [   D:6 *:

Portals:
Trove: D:10 (give 8 scrolls of blinking)

Annotations:
D:6 2 runed translucent doors
Lair:3 Urug
Orc:1 Nergalle


Innate Abilities, Weirdness & Mutations

You have a beak for a mouth.
You have claws for feet.
Your magical nature lets you fly swiftly and evasively.


Message History

The water moccasin bites you.
* * * LOW HITPOINT WARNING * * *
You are lethally poisoned!
The water moccasin poisons you!
You feel better.
The cane toad is engulfed in calcifying dust.
The cane toad is moving more slowly.
You block the cane toad's attack. The black mamba bites you!
* * * LOW HITPOINT WARNING * * *
The water moccasin closely misses you.
The water moccasin is engulfed in calcifying dust.
The water moccasin stops moving altogether!
The water moccasin bites you but does no damage.
The cane toad is engulfed in calcifying dust.
The cane toad stops moving altogether!
The water moccasin attacks as you move away!
The water moccasin closely misses you.
The black mamba attacks as you move away!
The black mamba barely misses you.
The water moccasin is engulfed in calcifying dust.
The cane toad barely misses you.
The water moccasin is engulfed in calcifying dust.
The cane toad is engulfed in calcifying dust.
The water moccasin is engulfed in calcifying dust.
The black mamba barely misses you.
The water moccasin is engulfed in calcifying dust.
The cane toad is engulfed in calcifying dust.
The water moccasin is engulfed in calcifying dust. x2
The water moccasin is moving more slowly.
You block the water moccasin's attack.
The water moccasin is engulfed in calcifying dust. x2
The cane toad is engulfed in calcifying dust.
The water moccasin is engulfed in calcifying dust.
The black mamba completely misses you.
Urug is engulfed in calcifying dust.
Urug is moving more slowly.
The catoblepas breathes a plume of calcifying dust at you.
The blast of calcifying dust hits the wolf.
The blast of calcifying dust hits the cane toad.
The blast of calcifying dust hits you.
You die...

,,*,,,,,,,,..........#Y§..#...P.#
*,*,,,,,,,,,......#.......#o#.#..
,,,,,,,,,*,,,.....#.PP..###.#.#*.
**,***,,,****,,#+#......§o..#.#**
**,,,,*,,,,,,,.....#.#+.#.##***,
****,,***,,*,**.#...Yo§.####,* **
,*,*+**,,****#####h§.S##..#,****,
,,,,,,,,,,,,*#..#FS.§......,,**,,
,,,,,,,,,,,,+,,#@SFS.......,,,**,
*,,,,,,,,,,,,,,##SSl.......,,,,+,
,,,,,,,,,,,.....§.S........,*,**,
,,,,,,,,,,,................*,***,
*,,,,,,,,,,.........>......*** *,
*,,,,,,,,,,................*** *,
*,,,,,,,,,,....##.........#,,***,
**,*,,,,,**.#P#*###........,***,,
*****,,,*,**##* **...!...,,* *,,


You could see a catoblepas, Urug (petrifying), a komodo dragon, a black mamba, 2
cane toads, 6 water moccasins and a wolf.

Vanquished Creatures
  A hydra (Lair:2)
  2 two-headed ogres
  A boulder beetle (D:11)
  A bog body (Lair:2)
  2 oklob plants (Lair:2)
  A manticore (D:11)
  Maurice (D:8)
  A black mamba (Lair:1)
  4 cane toads
  4 komodo dragons
  5 trolls
  A polar bear (Lair:2)
  3 blink frogs (Lair:1)
  A wraith (D:10)
  5 wyverns
  A shadow (D:11)
  11 yaks
  2 basilisks
  3 steam dragons
  An acid dragon (D:9)
  8 water moccasins
  2 black bears
  9 orc warriors
  3 sky beasts
  4 ice beasts
  5 ogres
  5 wolves (Lair:3)
  11 centaurs
  3 phantoms
  6 kobold brigands
  8 bullfrogs
  5 scorpions
  A wight (D:4)
  33 killer bees
  A howler monkey (D:4)
  11 orc priests
  The ghost of relicbr the Vexing, a weakling FeEn (D:4)
  4 jellies
  A gnoll bouda (D:7)
  2 hounds (D:5)
  2 sleepcaps
  8 hell rats
  6 iguanas
  9 orc wizards
  4 gnolls (D:7)
  6 adders
  4 white imps
  2 ufetubi (D:5)
  A worm (D:5)
  3 dart slugs (D:2)
  70 orcs
  9 ball pythons
  6 endoplasms
  4 giant cockroaches
  5 goblins
  5 hobgoblins
  12 jackals
  6 quokkas
  9 bats
  3 frilled lizards
  37 kobolds
  5 rats (D:1)
390 creatures vanquished.

Vanquished Creatures (others)
  A human (D:6)
  A fungus (D:8)
  4 plants (D:8)
6 creatures vanquished.

Grand Total: 396 creatures vanquished

Notes
Turn   | Place    | Note
-------+----------+-------------------------------------------
     0 | D:1      | Lobster4 the Tengu Air Elementalist began the quest for the
                  | Orb.
     0 | D:1      | Reached XP level 1. HP: 10/10 MP: 4/4
   183 | D:1      | Reached XP level 2. HP: 15/15 MP: 3/6
   453 | D:1      | Learned a level 2 spell: Poisonous Vapours
   729 | D:1      | Reached XP level 3. HP: 20/20 MP: 3/7
  1914 | D:2      | Reached XP level 4. HP: 24/24 MP: 4/8
  2385 | D:2      | Reached skill level 1 in Armour
  2737 | D:3      | Reached skill level 1 in Fighting
  2850 | D:3      | Identified the +0 dagger of Lies {freeze, rN+ Dex+3}
  2931 | D:3      | Reached skill level 5 in Air Magic
  2979 | D:3      | Found a radiant altar of Vehumet.
  2986 | D:3      | Became a worshipper of Vehumet
  3116 | D:3      | Found a hazy altar of Hepliaklqana.
  3624 | D:3      | Found a white marble altar of Elyvilon.
  3624 | D:3      | Found a shadowy altar of Dithmenos.
  3837 | D:4      | Found Abuklipa's Antique Armour Shop.
  3874 | D:4      | Reached skill level 1 in Poison Magic
  3987 | D:4      | Gained mutation: Your magical nature lets you fly swiftly
                  | and evasively. [Tengu growth]
  3987 | D:4      | Reached XP level 5. HP: 29/29 MP: 3/9
  4164 | D:4      | Found a bloodstained altar of Trog.
  4175 | D:4      | Reached skill level 1 in Ranged Weapons
  4285 | D:4      | Noticed an ogre
  4390 | D:4      | Reached skill level 1 in Short Blades
  4471 | D:4      | Reached * piety under Vehumet
  4471 | D:4      | Offered knowledge of Foxfire by Vehumet.
  4503 | D:4      | Reached XP level 6. HP: 34/34 MP: 0/10
  4507 | D:4      | Learned a level 3 spell: Swiftness
  4615 | D:4      | Noticed a steam dragon
  4718 | D:5      | Entered Level 5 of the Dungeon
  4735 | D:5      | Reached skill level 1 in Throwing
  4748 | D:5      | Noticed an orc warrior
  4770 | D:5      | Killed an orc warrior
  5227 | D:5      | Reached XP level 7. HP: 39/39 MP: 5/11
  5348 | D:5      | Reached skill level 1 in Shields
  5348 | D:5      | Reached skill level 1 in Summonings
  5348 | D:5      | Reached skill level 6 in Air Magic
  5603 | D:5      | Found a shimmering altar of Xom.
  5959 | D:5      | Reached XP level 8. HP: 45/45 MP: 5/13
  5960 | D:5      | Reached ** piety under Vehumet
  6050 | D:5      | Offered knowledge of Scorch by Vehumet.
  6748 | D:4      | Reached skill level 7 in Air Magic
  6967 | D:4      | Found a runed translucent gate.
  6967 | D:4      | Noticed relicbr's ghost (weakling FeEn)
  6968 | D:4      | Found a runed translucent gate.
  6968 | D:4      | Identified the +0 leather armour of Gerghesch {Harm Will+
                  | Int-2 Slay+3}
  6969 | D:4      | Found a runed translucent gate.
  7473 | D:4      | Killed relicbr's ghost
  7727 | D:4      | Learned a level 4 spell: Airstrike
  7778 | D:4      | Bought a sheer robe for 182 gold pieces
  7778 | D:4      | Identified the +0 robe of Hepliaklqana's Fury {Drain rElec
                  | Slay+6 SInv} (You bought it in a shop on level 4 of the
                  | Dungeon)
  7944 | D:6      | Reached XP level 9. HP: 51/51 MP: 8/15
  8269 | D:5      | Reached skill level 1 in Evocations
  8414 | D:6      | Offered knowledge of Stone Arrow by Vehumet.
  8419 | D:6      | Learned a level 3 spell: Stone Arrow
  8633 | D:6      | Found Ycaupn's Assorted Antiques.
  8640 | D:6      | Found Decix's Book Emporium.
  8724 | D:6      | Found an ancient bone altar of Kikubaaqudgha.
  9000 | D:6      | Reached skill level 8 in Air Magic
  9051 | D:6      | Found a large runed translucent door.
  9057 | D:6      | Found a large runed translucent door.
  9347 | D:7      | Reached *** piety under Vehumet
  9556 | D:7      | Noticed a troll
  9629 | D:7      | Killed a troll
  9630 | D:7      | Reached skill level 5 in Conjurations
  9630 | D:7      | Reached skill level 1 in Earth Magic
  9939 | D:7      | Identified the +6 chain mail "Lunkus" {rN++}
 10087 | D:7      | Identified the +2 dagger of the Pyrrhic Victory {drain,
                  | Drain rElec rC++}
 10293 | D:7      | Found a staircase to the Ecumenical Temple.
 10299 | D:7      | Reached XP level 10. HP: 56/56 MP: 4/17
 10425 | D:7      | Reached skill level 5 in Dodging
 10569 | D:7      | Learned a level 4 spell: Summon Lightning Spire
 10572 | D:8      | Offered knowledge of Dazzling Flash by Vehumet.
 10612 | D:8      | Noticed Maurice
 11068 | D:8      | Reached skill level 5 in Ranged Weapons
 11073 | D:8      | Reached skill level 9 in Air Magic
 11202 | D:8      | Noticed a two-headed ogre
 11265 | D:8      | Killed a two-headed ogre
 11392 | D:8      | Reached **** piety under Vehumet
 11552 | D:8      | Killed Maurice
 11757 | D:8      | Offered knowledge of Arcjolt by Vehumet.
 11758 | D:8      | Reached skill level 5 in Summonings
 11855 | D:8      | Found a staircase to the Lair.
 12202 | D:6      | Bought a scroll labelled KEZAPA PYNLYE for 30 gold pieces
 12202 | D:6      | Bought a scroll labelled XIWORGH FOLANYN for 30 gold pieces
 12209 | D:6      | Learned a level 5 spell: Arcjolt
 12746 | D:8      | Reached XP level 11. HP: 61/62 MP: 6/19
 12969 | D:8      | Reached skill level 10 in Air Magic
 13230 | D:9      | Found a sacrificial altar of Ru.
 13410 | D:9      | Reached skill level 5 in Armour
 13867 | D:9      | Found a basalt altar of Yredelemnul.
 13867 | D:9      | Found a burning altar of Makhleb.
 13867 | D:9      | Found a glowing golden altar of the Shining One.
 14319 | D:9      | Reached skill level 5 in Fighting
 14437 | D:9      | Reached ***** piety under Vehumet
 14444 | D:9      | Found a staircase to the Orcish Mines.
 14453 | D:9      | Offered knowledge of Ozocubu's Refrigeration by Vehumet.
 14769 | Orc:1    | Entered Level 1 of the Orcish Mines
 14769 | Orc:1    | Noticed Nergalle
 14816 | D:10     | Entered Level 10 of the Dungeon
 14979 | D:10     | Noticed a +0 spear
 14979 | D:10     | Noticed a +0 dagger
 14979 | D:10     | Noticed a +0 falchion
 14980 | D:10     | Noticed a +0 dagger
 14980 | D:10     | Noticed a +0 short sword
 14991 | D:10     | Found a hide-covered altar of Uskayaw.
 14991 | D:10     | Noticed a +0 spear
 14993 | D:10     | Noticed a +0 falchion
 14994 | D:10     | Noticed a +0 short sword
 15079 | D:10     | Reached skill level 5 in Spellcasting
 15176 | D:10     | Found a portal to a secret trove of treasure.
 15808 | D:11     | Learned a level 2 spell: Blink
 15984 | D:11     | Noticed a two-headed ogre
 15987 | D:11     | Killed a two-headed ogre
 16110 | D:11     | Noticed a boulder beetle
 16120 | D:11     | Killed a boulder beetle
 16121 | D:11     | Reached skill level 11 in Air Magic
 16248 | D:11     | Noticed a manticore
 16258 | D:11     | Killed a manticore
 16259 | D:11     | Reached skill level 5 in Shields
 16259 | D:11     | Reached skill level 1 in Translocations
 17264 | D:11     | Reached XP level 12. HP: 69/69 MP: 20/20
 17421 | Lair:1   | Entered Level 1 of the Lair of Beasts
 18067 | Lair:1   | Reached skill level 12 in Air Magic
 19193 | Lair:2   | Noticed a five-headed hydra
 19202 | Lair:2   | Killed a five-headed hydra
 19372 | Lair:2   | Found a staircase to the Swamp.
 19712 | Lair:2   | Found a blossoming altar of Fedhas.
 19842 | Lair:2   | Reached skill level 13 in Air Magic
 20325 | Lair:2   | You are sucked into a shaft and drop 1 floor!
 20338 | Lair:3   | Reached skill level 10 in Ranged Weapons
 20342 | Lair:3   | Noticed a catoblepas
 20350 | Lair:3   | Offered knowledge of Iron Shot by Vehumet.
 20361 | Lair:3   | Noticed a skyshark
 20368 | Lair:3   | Noticed Urug
 20369 | Lair:3   | HP: 3/71 [Urug/javelin (21)]
 20374 | Lair:3   | HP: 2/71 [black mamba (17)]
 20376 | Lair:3   | Killed from afar by a catoblepas

Illustrated notes

Levels and vault maps discovered:
D:1:      tarquinn_simple_flora_water_f, layout_loops_cross,
          minmay_misc_feat_five, chequers_serial_rivers_micro_c
D:2:      layout_loops_corners
D:3:      layout_loops_corners, overflow_temple_1_default,
          nzn_hepliaklqana_mist_gate, gammafunk_temple_overflow_elements
D:4:      layout_layer_cave, mainiacjoe_overflow_tiny_flanked, serial_shops,
          shop, biasface_ghost_orc_armoury, minmay_manual_macuahuitl
D:5:      layout_gridville, nicolae_overflow_crystal_walls, grunt_ministairs_7,
          chequers_garden, minmay_misc_feat_doors
D:6:      layout_cave_pools, jmf_multi_god_temple2, tgw_kikubaaqudgha,
          serial_shops, shop, shop, minmay_misc_feat_iff, st_stairs_8,
          minmay_starry_boxes
D:7:      layout_layer_cave, minmay_temple_entry_offerings
D:8:      layout_loops_ring, david_lair_generic, kennysheep_big_empty_room,
          kennysheep_kite_vault, uniq_maurice
D:9:      layout_irregular_city, nicolae_ru_sacrificial_ziggurat,
          chequers_temple_overflow_statue_of_worship, erik_orc_2, nicolae_wwwww
D:10:     layout_cave_pools, nicolae_uskayaw_en_pointe, enter_trove_1
D:11:     layout_grid_maze
D:12:     layout_loops_ring, serial_shops, shop_statue
Lair:1:   layout_layer_cave, grunt_megastairs_1
Lair:2:   layout_big_grid, skrybe_swamp_entry_bodies,
          nicolae_quartered_pool_medium, hangedman_tree_tricks,
          columned_hall_lemuel, nzn_random_ring
Lair:3:   layout_roguey, dummy_snake_entry, minivault_25, beast_lair_carwin_1,
          lemuel_fruit_tree, lemuel_fruit_fields, uniq_urug
Orc:1:    layout_caves, serial_shops, shop, basic_altar, mines4_lemuel,
          uniq_sonja, uniq_nergalle

Skill      XL: |  1  2  3  4  5  6  7  8  9 10 11 12 |
---------------+-------------------------------------+-----
Conjurations   | 2 3 4 5 6 7 9 |  9.0
Armour         | 1 2 3 4 6 |  6.0
Fighting       | 1 2 3 4 5 6 |  6.8
Air Magic      | 5 6 7 8 9 11 13 | 13.3
Poison Magic   | 1 2 3 |  3.0
Ranged Weapons | 1 2 3 4 6 8 10 | 10.0
Short Blades   | 1 2 |  2.0
Throwing       | 1 2 3 |  3.0
Dodging        | 3 4 5 6 |  6.0
Shields        | 1 2 3 4 5 6 |  6.0
Summonings     | 1 2 4 5 |  5.0
Spellcasting   | 3 4 5 |  5.0
Evocations     | 2 3 |  3.0
Earth Magic    | 1 2 3 |  3.0
Translocations | 1 3 |  3.0
Stealth        | |  2.0

Action                     |  1- 3 |  4- 6 |  7- 9 | 10-12 || total
---------------------------+-------+-------+-------+-------++-------
  Melee: Dagger            |       |    21 |    10 |    59 ||    90
         Kick              |       |     6 |     4 |    20 ||    30
         Peck              |       |     3 |     1 |    15 ||    19
  Throw: Dart              |       |     5 |       |     6 ||    11
   Cast: Shock             |    81 |   140 |   269 |   232 ||   722
         Poisonous Vapours |     1 |     7 |    21 |   136 ||   165
         Stone Arrow       |       |       |     9 |    51 ||    60
         Airstrike         |       |       |     5 |    90 ||    95
         Arcjolt           |       |       |       |    17 ||    17
  Evoke: Wand              |       |       |       |     3 ||     3
    Use: Potion            |       |     1 |       |     4 ||     5
         Scroll            |       |     8 |     9 |    14 ||    31
   Stab: Paralysed         |       |       |       |     1 ||     1
 Armour: Robe              |     2 |     6 |    12 |    17 ||    37
  Dodge: Dodged            |    17 |    43 |    70 |   180 ||   310
         Repelled          |       |       |       |     4 ||     4
  Block: Buckler           |       |       |       |    45 ||    45

Table legend: (Time is in decaauts)
 A = Elapsed time spent in this place.
 B = Non-inter-level travel time spent in this place.
 C = Inter-level travel time spent in this place.
 D = Time resting spent in this place.
 E = Time spent auto-exploring this place.
 F = Levels seen in this place.
 G = Mean time per level.
                   A        B        C        D        E       F      G
               +--------+--------+--------+--------+--------+-----+--------+
         Total |  19598 |  18803 |    795 |   3484 |  12278 |  16 | 1224.9 |
       Dungeon |  16869 |  16091 |    778 |   2858 |  10586 |  12 | 1405.8 |
          Lair |   2725 |   2708 |     17 |    626 |   1692 |   3 |  908.3 |
  Orcish Mines |      3 |      3 |      0 |      0 |      0 |   1 |    3.0 |
               +--------+--------+--------+--------+--------+-----+--------+

Top non-repeatable levels by time:
     D:8: 2494 daAuts
     D:4: 2066 daAuts
     D:9: 1649 daAuts
     D:5: 1645 daAuts
     D:3: 1560 daAuts
  Lair:1: 1542 daAuts
     D:7: 1370 daAuts
     D:2: 1334 daAuts
    D:11: 1331 daAuts
     D:6: 1261 daAuts
  Lair:2: 1133 daAuts
     D:1: 1116 daAuts
    D:10: 1037 daAuts
  Lair:3: 48 daAuts
   Orc:1: 3 daAuts
